 Dungeon Crawl Stone Soup version 0.17-a0-2101-g0c122e7 (webtiles) character file.

532 brucemayne the Cleaver (level 7, -4/57 HPs)
             Began as a Hill Orc Berserker on Oct 18, 2015.
             Was a Believer of Trog.
             Slain by a wasp (5 damage)
             ... on level 8 of the Dungeon.
             The game lasted 00:06:41 (1451 turns).

brucemayne the Cleaver (Hill Orc Berserker)         Turns: 1451, Time: 00:06:41

Health: -4/57      AC: 10    Str: 21    XL:     7   Next: 24%
Magic:  7/7        EV:  8    Int:  8    God:    Trog [**....]
Gold:   43         SH:  0    Dex: 10    Spells: 0 memorised, 6 levels left

rFire  . . .     SeeInvis .     t - +0 war axe
rCold  + . .     Clarity  .     q - +1 chain mail {rC+}
rNeg   . . .     SustAt   .     (no shield)
rPois  .         Gourm    .     n - +0 helmet
rElec  .         Spirit   .     (no cloak)
rCorr  .         Warding  .     (no gloves)
rMut   .         Stasis   .     (no boots)
MR     ++...                    (no amulet)
Stlth  ..........               (no ring)
                                (no ring)

@: lethally poisoned (-4 -> -4), flying, regenerating, slowed, very slow, very
resistant to hostile enchantments, extremely unstealthy
A: no striking features
a: Burn Spellbooks, Berserk, Trog's Hand, Renounce Religion


You were on level 8 of the Dungeon.
You worshipped Trog.
Trog was pleased with you.
You were not hungry.

You visited 1 branch of the dungeon, and saw 9 of its levels.

You collected 43 gold pieces.

Inventory:

Hand Weapons
 a - a +0 hand axe
 t - a +0 war axe (weapon)
Armour
 b - a +0 animal skin
 e - a +0 ring mail
 n - a +0 helmet (worn)
 q - a +1 chain mail of cold resistance (worn)
Wands
 m - a wand of teleportation (2)
Scrolls
 g - a scroll of teleportation {unknown}
 i - 3 scrolls of enchant weapon {unknown}
 j - 2 scrolls of identify {unknown}
Potions
 f - a potion of cancellation
 h - a potion of haste {unknown}
 p - a potion of poison
 r - a potion of invisibility {unknown}
Books
 o - an Akashic Record

   Spells                             Type                      Level
   a - Dispersal                      Translocation                6
   b - Controlled Blink               Translocation                7
   c - Malign Gateway                 Summoning/Translocation      7
   d - Disjunction                    Translocation                8
   Trog disapproves of the use of such an item.
Comestibles
 c - 2 bread rations
 k - 7 chunks of flesh
 l - a beef jerky


   Skills:
 - Level 3.6 Fighting
 + Level 10.4 Axes
 + Level 2.4 Armour
 - Level 1.5 Dodging


You had 6 spell levels left.
You didn't know any spells.

Dungeon Overview and Level Annotations

Branches:
Dungeon (9/15)
 Temple: D:4-7         Lair: D:8-11         Orc: D:9-12

Altars:
Fedhas


Message History

The wasp stings you!
* * * LOW HITPOINT WARNING * * *
You suddenly lose the ability to move!
The wasp barely misses you.
You feel sick. The wasp stings you.
* * * LOW HITPOINT WARNING * * *
You shrug off the repeated paralysis!
You feel the effects of Trog's Hand fading.
* * * LOW HITPOINT WARNING * * *
You feel sick. The wasp barely misses you.
The wasp stings you but does no damage.
You can move again.
Unknown command.
Unknown command.
Drink which item? (? for menu, Esc to quit)
It was a potion of flight.
You feel very buoyant.
You fly up into the air.
* * * LOW HITPOINT WARNING * * *
You feel sick. The wasp stings you.
You die...

#.. ... .. .. #. ..
#.##.# .. ..#.# ...
######.#.##....
#..............
#.#.#.#@.......
#.......y.....#
#.#.#.##.......
#......#....... #
#.#.#.##....?..
#.######.....>#.####+#
#........#.#.##..
##......#.....###
#......##.#.##


You could see a wasp.

Vanquished Creatures
  2 orc warriors (D:9)
  The ghost of zkyp the Ducker, an amateur MfWn (D:3)
  A crimson imp (D:9)
  A hound (D:9)
  A centaur skeleton (D:8)
  Jessica (D:3)
  An iguana (D:9)
  4 gnolls (D:5)
  Robin (D:3)
  2 adders
  An adder skeleton (D:4)
  11 orcs
  A ball python (D:1)
  6 hobgoblins
  2 quokkas
  4 bats
  A giant gecko skeleton (D:5)
  2 giant newts
  6 goblins
  2 kobolds (D:2)
  5 rats
56 creatures vanquished.

Notes
Turn   | Place    | Note
--------------------------------------------------------------
     0 | D:1      | brucemayne the Hill Orc Berserker began the quest for the Orb.
     0 | D:1      | Reached XP level 1. HP: 19/19 MP: 1/1
   276 | D:2      | Reached XP level 2. HP: 23/26 MP: 2/2
   318 | D:1      | Reached skill level 5 in Axes
   379 | D:3      | Noticed Jessica
   385 | D:3      | Killed Jessica
   385 | D:3      | Reached XP level 3. HP: 31/31 MP: 3/3
   396 | D:3      | Noticed Robin
   413 | D:3      | Reached ** piety under Trog
   415 | D:3      | Reached skill level 6 in Axes
   441 | D:3      | Killed Robin
   441 | D:3      | Reached XP level 4. HP: 39/39 MP: 4/4
   490 | D:3      | Noticed zkyp's ghost (amateur MfWn)
   518 | D:3      | Killed zkyp's ghost
   518 | D:3      | Reached skill level 7 in Axes
   518 | D:3      | Reached XP level 5. HP: 45/45 MP: 5/5
   667 | D:5      | Entered Level 5 of the Dungeon
   699 | D:5      | Reached skill level 8 in Axes
  1075 | D:7      | Found a blossoming altar of Fedhas.
  1203 | D:9      | Reached XP level 6. HP: 49/51 MP: 6/6
  1232 | D:9      | Reached skill level 9 in Axes
  1271 | D:9      | Noticed an orc warrior
  1283 | D:9      | Killed an orc warrior
  1306 | D:9      | Noticed an orc warrior
  1396 | D:9      | Killed an orc warrior
  1396 | D:9      | Reached skill level 10 in Axes
  1396 | D:9      | Reached XP level 7. HP: 48/57 MP: 7/7
  1437 | D:8      | Noticed a wasp
  1448 | D:8      | Paralysed by a wasp for 3 turns
  1449 | D:8      | HP: 2/57 [wasp (5)]
  1451 | D:8      | Slain by a wasp

Vault maps used:
D:1:      dpeg_arrival_radiant
D:3:      first_bread, uniq_jessica, uniq_robin, uniq_crazy_yiuf_cottage
D:4:      temple_statues, uniq_pikel
D:5:      nicolae_ashenzari_panopticon, serial_shops, nicolae_shop_stone,
          kennysheep_minor_cross
D:6:      uniq_eustachio
D:7:      lemuel_round_altar, lemuel_round_altar, minmay_misc_feat_ornament,
          the_bakery
D:8:      lemuel_doored_altar, basic_altar, special_room, st_stairs_13
D:9:      lair_0_dummy

Action                   |  1- 3 |  4- 6 |  7- 9 || total
-------------------------+-------+-------+-------++-------
Melee: Hand axe          |    58 |   128 |     1 ||   187
       War axe           |       |       |     8 ||     8
Throw: Tomahawk          |       |       |     2 ||     2
Invok: Berserk           |     2 |     5 |       ||     7
       Trog's Hand       |       |     5 |     2 ||     7
  Use: Potion            |       |       |     3 ||     3
  Eat: Chunk             |       |     3 |     2 ||     5
       Meat ration       |       |     1 |       ||     1
